 Dungeon Crawl Stone Soup version 0.31-a0-986-g5e6e4ef867 (webtiles) character file.

Game seed: 3154740079544930205

2263 jlumianski the Ruffian (level 9, -7/62 (68) HPs)
             Began as a Gnoll Shapeshifter on Nov 18, 2023.
             Killed by divine providence
             ... invoked by Jeremiah
              (14 damage)
             ... on level 7 of the Dungeon.
             The game lasted 00:24:31 (5922 turns).

jlumianski the Ruffian (Gnoll Shapeshifter)         Turns: 5922, Time: 00:24:32

HP:   -7/62 (68)    AC: 10    Str: 23    XL:     9   Next: 38%
MP:   15/15         EV: 14    Int: 16    God:
Gold: 323           SH:  0    Dex: 12    Spells: 16/16 levels left

rFire   . .          .
                       - Unarmed
rCold   + . .        (shield currently unavailable)
rNeg    . . .        G - +2 leather armour {rC+}
rPois   .            (no helmet)
rElec   .            C - +0 cloak
rCorr   .            x - +1 pair of gloves
SInv    .            q - +0 pair of boots
Will    .....        (no amulet)
Stlth   +            E - +6 ring of strength
HPRegen 0.30/turn    I - +6 ring of intelligence
MPRegen 0.14/turn

%: no passive effects
@: mighty, flux-form, glowing, drained
A: glow, contaminating, fangs 1, strong nose, distributed training
a: Begin Untransformation


You were on level 7 of the Dungeon.
You were something dangerously unstable.
You visited 2 branches of the dungeon, and saw 9 of its levels.

You collected 414 gold pieces.
You spent 91 gold pieces at shops.

Inventory:

Hand Weapons
 B - a +4 quarterstaff of chaos
Missiles
 g - 69 stones
 u - 12 poisoned darts
 A - 2 curare-tipped darts
Armour
 a - a +0 animal skin
 o - a scarf of resistance
 q - a +0 pair of boots (worn)
 r - a +0 scale mail
 x - a +1 pair of gloves (worn)
 C - a +0 cloak (worn)
 G - a +2 leather armour of cold resistance (worn)
Jewellery
 w - a ring of ice
 E - a +6 ring of strength (left hand)
 I - a +6 ring of intelligence (right hand)
Talismans
 c - a beast talisman
 d - a flux talisman (active)
Wands
 z - a wand of flame (24)
Scrolls
 j - 2 scrolls of noise
 k - a scroll of immolation {unknown}
 l - 3 scrolls of revelation {unknown}
 m - 2 scrolls of torment {unknown}
 s - a scroll of poison {unknown}
 v - a scroll of teleportation
 y - a scroll of butterflies {unknown}
 H - 2 scrolls of fog {unknown}
Potions
 b - 3 potions of lignification
 e - 2 potions of curing
 f - 2 potions of might
 h - 4 potions of attraction
 i - a potion of brilliance
 n - 2 potions of berserk rage {unknown}
 p - a potion of haste
 t - a potion of enlightenment {unknown}
 D - a potion of heal wounds {unknown}
 F - a potion of invisibility {unknown}


   Skills:
 + Level 5.0 Fighting
 + Level 4.2 Short Blades
 + Level 4.2 Long Blades
 + Level 4.2 Axes
 + Level 4.2 Maces & Flails
 + Level 4.2 Polearms
 + Level 4.2 Staves
 + Level 4.2 Ranged Weapons
 + Level 4.2 Throwing
 + Level 4.2 Armour
 + Level 6.3 Dodging
 + Level 4.2 Stealth
 + Level 4.2 Shields
 + Level 7.9 Unarmed Combat
 + Level 4.2 Spellcasting
 + Level 3.5 Conjurations
 + Level 3.5 Hexes
 + Level 3.5 Summonings
 + Level 3.5 Necromancy
 + Level 3.5 Translocations
 + Level 3.5 Transmutations
 + Level 3.5 Fire Magic
 + Level 3.5 Ice Magic
 + Level 3.5 Air Magic
 + Level 3.5 Earth Magic
 + Level 3.5 Poison Magic
 + Level 4.7 Invocations
 + Level 4.2 Evocations
 + Level 7.7 Shapeshifting


You had 16 spell levels left.
You didn't know any spells.
Your spell library contained the following spells:

 Spells                   Type           Power      Damage    Failure   Level
 Lesser Beckoning         Tloc           28%        N/A       7%          2
 Gell's Gravitas          Tloc           14%        N/A       13%         3
 Ozocubu's Armour         Ice            14%        N/A       13%         3
 Teleport Other           Tloc           14%        N/A       13%         3
 Anguish                  Hex/Necr       7%         N/A       41%         4
 Cause Fear               Hex            7%         N/A       41%         4
 Metabolic Englaciation   Hex/Ice        7%         N/A       77%         5
 Simulacrum               Ice/Necr       7%         N/A       100%        6
 Enfeeble                 Hex            7%         N/A       100%        7


Dungeon Overview and Level Annotations

Branches:
Dungeon (8/15)             Temple (1/1) D:5
   Lair: D:8-11

Altars:
Cheibriados
Dithmenos
Elyvilon
Fedhas
Gozag
Makhleb
Qazlal
Ru
Sif Muna
Vehumet
Wu Jian
Xom
The Shining One

Shops:
D:2 ?

Annotations:
D:7 1 transporter, Jeremiah


Innate Abilities, Weirdness & Mutations

You are something dangerously unstable.
You glow with magical radiation, making you easy to see and hit.
Foes you strike become dangerously contaminated with magical radiation.
You are incapable of wielding weapons or throwing items.
You have very sharp teeth.
Your uncanny sense of smell can sniff out nearby items.
Your experience applies equally to all skills.


Message History

The wight shudders as magic cascades through it!!
You destroy the wight!
Jeremiah hops!
You hit the jelly.
The jelly begins to glow.
Your hands burn!
The jelly is lightly wounded.
Jeremiah hits you but does no damage.
You feel drained.
You punch the jelly!
The jelly glows dangerously bright.
Your hands burn!
The jelly is severely wounded.
The butterfly disappears in a burst of colours!
The jelly closely misses you. Jeremiah barely misses you.
You completely miss the jelly.
The jelly is severely wounded.
The butterfly disappears in a burst of colours!
The jelly completely misses you.
Jeremiah asks, "Where am I?
Why are you fighting me?"
Jeremiah cries, "Fearful master, protect me!"
Something smites you!
* * * LOW HITPOINT WARNING * * *
You hit the jelly.
The jelly shudders as magic cascades through it!
You kill the jelly!
The butterfly disappears in a burst of colours! x2
Jeremiah closely misses you.
You punch Jeremiah!
Jeremiah begins to glow.
Jeremiah is almost dead.
The butterfly disappears in a burst of colours!
Jeremiah hits you with a +3 trident of draining.
* * * LOW HITPOINT WARNING * * *
You feel drained.
You feel very mighty all of a sudden.
The butterfly disappears in a burst of colours!
Jeremiah cries, "Fearful master, protect me!"
Something smites you!
* * * LOW HITPOINT WARNING * * *
You feel better.
The butterfly disappears in a burst of colours! x2
Jeremiah throws their arms up pleadingly.
Something smites you!
You die...
Jeremiah asks, "What happened?
Did... did you die?"

#.# ###......#
#......^. ##
#.##.....###........
+...................
#.##........#######.
###.........#######.
##b.................
##.b##...............
##bbbb#...............
#..bFp#.........######
......bb!........
.....
....b...b.b.##...
..... ............#
...∆ .....
.......b..b... ∆.....
......?..##.... .....
......b.. ..... .....
#........ ##### .....
.....


You could see Jeremiah (contam, misshapen).

Vanquished Creatures
  Grinder (D:3)
  Sigmund (D:2)
  A water moccasin (D:7)
  2 ogres (D:5)
  A bullfrog (D:7)
  4 scorpions
  8 wights
  4 howler monkeys
  3 hounds
  An orc priest (D:6)
  A gnoll bouda (D:7)
  Crazy Yiuf (D:4)
  3 jellies
  A sleepcap (D:6)
  Jessica (D:2)
  5 iguanas
  Ijyb (D:4)
  Terence (D:1)
  An orc wizard (D:6)
  7 gnolls
  8 adders
  A shadow imp (D:5)
  4 white imps
  2 worms (D:1)
  A dart slug (D:4)
  16 orcs
  4 endoplasms
  3 goblins
  7 hobgoblins
  4 jackals (D:3)
  6 kobolds
  4 quokkas
  4 ball pythons
  4 bats
  2 frilled lizards
  2 rats
120 creatures vanquished.

Notes
Turn   | Place    | Note
-------+----------+-------------------------------------------
     0 | D:1      | jlumianski the Gnoll Shapeshifter began the quest for the
                  | Orb.
     0 | D:1      | Reached XP level 1. HP: 17/17 MP: 1/1
   101 | D:1      | Reached XP level 2. HP: 18/23 MP: 2/2
   124 | D:2      | Noticed Terence
   139 | D:2      | Noticed Jessica
   145 | D:2      | Killed Jessica
   146 | D:2      | Reached skill level 1 in Invocations
   146 | D:2      | Reached XP level 3. HP: 28/28 MP: 2/4
   588 | D:1      | Reached skill level 1 in Short Blades
   588 | D:1      | Reached skill level 1 in Long Blades
   588 | D:1      | Reached skill level 1 in Axes
   588 | D:1      | Reached skill level 1 in Maces & Flails
   588 | D:1      | Reached skill level 1 in Polearms
   588 | D:1      | Reached skill level 1 in Staves
   588 | D:1      | Reached skill level 1 in Ranged Weapons
   588 | D:1      | Reached skill level 1 in Throwing
   588 | D:1      | Reached skill level 1 in Armour
   588 | D:1      | Reached skill level 1 in Stealth
   588 | D:1      | Reached skill level 1 in Shields
   588 | D:1      | Reached skill level 1 in Spellcasting
   588 | D:1      | Reached skill level 1 in Evocations
   763 | D:2      | Found Cithaca's Magic Scroll Shop.
   806 | D:2      | Bought a scroll of identify for 26 gold pieces
   806 | D:2      | Bought a scroll of identify for 26 gold pieces
   927 | D:2      | Noticed Sigmund
  1380 | D:3      | Reached XP level 4. HP: 34/34 MP: 5/5
  1658 | D:1      | Killed Terence
  1659 | D:1      | Reached skill level 1 in Conjurations
  1659 | D:1      | Reached skill level 1 in Hexes
  1659 | D:1      | Reached skill level 1 in Summonings
  1659 | D:1      | Reached skill level 1 in Necromancy
  1659 | D:1      | Reached skill level 1 in Translocations
  1659 | D:1      | Reached skill level 1 in Transmutations
  1659 | D:1      | Reached skill level 1 in Fire Magic
  1659 | D:1      | Reached skill level 1 in Ice Magic
  1659 | D:1      | Reached skill level 1 in Air Magic
  1659 | D:1      | Reached skill level 1 in Earth Magic
  1659 | D:1      | Reached skill level 1 in Poison Magic
  1805 | D:2      | Found a faded altar of an unknown god.
  1891 | D:2      | Killed Sigmund
  1892 | D:2      | Reached XP level 5. HP: 30/41 MP: 5/7
  1892 | D:2      | Reached XP level 6. HP: 33/47 MP: 5/8
  2186 | D:3      | Reached skill level 5 in Dodging
  2305 | D:2      | Bought a scroll of teleportation for 39 gold pieces
  2363 | D:3      | Noticed Grinder
  2376 | D:3      | Killed Grinder
  2377 | D:3      | Reached XP level 7. HP: 32/52 MP: 8/10
  2483 | D:3      | Found a snail-covered altar of Cheibriados.
  2513 | D:3      | Found an ornate altar of the Wu Jian Council.
  2713 | D:3      | Identified the staff of Contention {rF+ rC- Str+3 Fire}
  2814 | D:5      | Entered Level 5 of the Dungeon
  2983 | D:5      | Found a radiant altar of Vehumet.
  3232 | D:5      | Found a glowing golden altar of the Shining One.
  3293 | D:4      | Reached XP level 8. HP: 60/60 MP: 12/12
  3363 | D:4      | Noticed Ijyb
  3375 | D:4      | Killed Ijyb
  3756 | D:4      | Found a runed translucent door.
  3757 | D:4      | Noticed Crazy Yiuf
  3849 | D:4      | Killed Crazy Yiuf
  4069 | D:5      | Found a staircase to the Ecumenical Temple.
  4079 | Temple   | Entered the Ecumenical Temple
  5148 | D:6      | Reached XP level 9. HP: 66/66 MP: 14/14
  5270 | D:7      | Found a blossoming altar of Fedhas.
  5670 | D:7      | Reached skill level 5 in Fighting
  5746 | D:7      | Found a transporter.
  5903 | D:7      | Noticed Jeremiah
  5921 | D:7      | HP: 1/62 [Jeremiah/divine providence (12)]
  5922 | D:7      | Killed from afar by Jeremiah

Illustrated notes

Levels and vault maps discovered:
D:1:      roderic_crop_circles_arrival_small, layout_basic,
          chequers_serial_rivers_large_a, minmay_misc_feat_roman,
          nicolae_wormholes
D:2:      layout_rooms, hellmonk_ecumenical_altar_heavens_door, serial_shops,
          shop, uniq_jessica, uniq_sigmund, uniq_terence
D:3:      layout_loops_cross, mainiacjoe_overflow_catch_the_wave,
          corexii_leaking_fountain, uniq_grinder
D:4:      layout_loops_ring, dreamdust_mushroom_princess,
          uniq_crazy_yiuf_cottage, uniq_ijyb
D:5:      layout_loops_cross, mainiacjoe_overflow_boulevard,
          nicolae_tso_swordbearing_angel, temple_doors_e
D:6:      layout_basic
D:7:      gammafunk_beogh_shrine, layout_basic, lemuel_tele_altar,
          kennysheep_little_box, grunt_temple_overflow_diamond, uniq_jeremiah
D:8:      kennysheep_housing_project, layout_basic, amcnicky_altar_gilded,
          minitemple, uniq_pikel
Temple:   hellmonk_temple_flake

Skill      XL: |  1  2  3  4  5  6  7  8  9 |
---------------+----------------------------+-----
Invocations    | 1 2 3 4 |  4.7
Short Blades   | 1 2 3 4 |  4.2
Long Blades    | 1 2 3 4 |  4.2
Axes           | 1 2 3 4 |  4.2
Maces & Flails | 1 2 3 4 |  4.2
Polearms       | 1 2 3 4 |  4.2
Staves         | 1 2 3 4 |  4.2
Ranged Weapons | 1 2 3 4 |  4.2
Throwing       | 1 2 3 4 |  4.2
Armour         | 1 2 3 4 |  4.2
Stealth        | 1 2 3 4 |  4.2
Shields        | 1 2 3 4 |  4.2
Spellcasting   | 1 2 3 4 |  4.2
Evocations     | 1 2 3 4 |  4.2
Conjurations   | 1 2 3 |  3.5
Hexes          | 1 2 3 |  3.5
Summonings     | 1 2 3 |  3.5
Necromancy     | 1 2 3 |  3.5
Translocations | 1 2 3 |  3.5
Transmutations | 1 2 3 |  3.5
Fire Magic     | 1 2 3 |  3.5
Ice Magic      | 1 2 3 |  3.5
Air Magic      | 1 2 3 |  3.5
Earth Magic    | 1 2 3 |  3.5
Poison Magic   | 1 2 3 |  3.5
Fighting       | 3 4 5 |  5.0
Dodging        | 5 6 |  6.3
Unarmed Combat | 7 |  7.9
Shapeshifting  | 7 |  7.7

Action                     |  1- 3 |  4- 6 |  7- 9 || total
---------------------------+-------+-------+-------++-------
  Melee: Unarmed           |    53 |    64 |   309 ||   426
         Bite              |     6 |     6 |    41 ||    53
  Evoke: Wand              |       |       |     4 ||     4
    Use: Scroll            |     4 |     2 |     1 ||     7
         Potion            |       |       |     3 ||     3
   Stab: Sleeping          |     1 |       |       ||     1
 Armour: Animal skin       |    22 |    14 |       ||    36
         Scale mail        |       |     7 |    74 ||    81
         Leather armour    |       |       |    61 ||    61
  Dodge: Dodged            |    40 |    31 |   156 ||   227
   Form: Flux              |       |     1 |       ||     1

Table legend: (Time is in decaauts)
 A = Elapsed time spent in this place.
 B = Non-inter-level travel time spent in this place.
 C = Inter-level travel time spent in this place.
 D = Time resting spent in this place.
 E = Time spent auto-exploring this place.
 F = Levels seen in this place.
 G = Mean time per level.
                   A        B        C        D        E       F      G
               +--------+--------+--------+--------+--------+-----+--------+
         Total |   5895 |   5730 |    165 |    490 |   2785 |   9 |  655.0 |
       Dungeon |   5837 |   5672 |    165 |    490 |   2785 |   8 |  729.6 |
        Temple |     57 |     57 |      0 |      0 |      0 |   1 |   57.0 |
               +--------+--------+--------+--------+--------+-----+--------+

Top non-repeatable levels by time:
     D:1: 1217 daAuts
     D:5: 1003 daAuts
     D:3: 927 daAuts
     D:4: 854 daAuts
     D:6: 691 daAuts
     D:2: 648 daAuts
     D:7: 465 daAuts
  Temple: 57 daAuts
     D:8: 29 daAuts
